APP
KINGSPORT METS @ JOHNSON CITY CARDINALS
10/07/2046
 
TOP OF THE 1ST
Miami (APP) Marlins batting - Pitching for Johnson City Cardinals : RHP Juan Banda
Pitching: RHP Juan Banda
Batting: RHB Lu Tieh 0-0: Ground out 4-3 (Groundball, 34D, EV 107.5 MPH)
Batting: LHB D.J. White 0-0: DOUBLE (Line Drive, 78XD, EV 105.6 MPH)
Batting: SHB Matt Altieri 0-0: Ball
Wild Pitch!
D.J. White to third
1-0: Foul Ball, location: 2F
1-1: Foul Ball, location: 2F
1-2: TRIPLE (Flyball, 89XD, EV 108.1 MPH)
D.J. White scores
Batting: RHB Kurt Wagner 0-0: Called Strike
0-1: Foul Ball, location: 2F
0-2: Ball
1-2: Ball
2-2: Strikes out swinging
Batting: LHB Tom Wleklinski 0-0: Ball
1-0: Reached on error, E4 (Groundball, 4, EV 85.6 MPH)
Matt Altieri scores
Batting: RHB Garrett Larsen 0-0: Called Strike
0-1: Ground out 3-1 (Groundball, 3S, EV 87.5 MPH)
Top of the 1st over - 2 runs, 2 hits, 1 error, 1 left on base; Miami (APP) 2 - Johnson City 0
BOTTOM OF THE 1ST
Johnson City Cardinals batting - Pitching for Miami (APP) Marlins : RHP Cesar Guerrero
Pitching: RHP Cesar Guerrero
Batting: LHB Jasper Schoonhoven 0-0: Swinging Strike
0-1: Ball
1-1: Foul Ball, location: 2F
1-2: Ball
2-2: Foul Ball, location: 2F
2-2: Foul Ball, location: 2F
2-2: Ball
3-2: Ground out 4-3 (Groundball, 4, EV 91.3 MPH)
Batting: RHB Steve DeWald 0-0: Called Strike
0-1: Foul Ball, location: 2F
0-2: Ground out 4-3 (Groundball, 4, EV 91.9 MPH)
Batting: RHB Alex Rangel 0-0: SINGLE (Groundball, 34D, EV 97.5 MPH)
Batting: LHB Jon Olesen 0-0: Foul Ball, location: 2F
0-1: Ball
Wild Pitch!
Alex Rangel to second
1-1: Ball
2-1: Foul Ball, location: 2F
2-2: Ball
3-2: Foul Ball, location: 2F
3-2: Foul Ball, location: 2F
3-2: Fly out, F9 (Flyball, 9LM, EV 86.9 MPH)
Bottom of the 1st over - 0 runs, 1 hit, 0 errors, 1 left on base; Miami (APP) 2 - Johnson City 0
TOP OF THE 2ND
Miami (APP) Marlins batting - Pitching for Johnson City Cardinals : RHP Juan Banda
Batting: RHB Nate Stephenson 0-0: Ground out 4-3 (Groundball, 4, EV 105.0 MPH)
Batting: RHB Mario Navarro 0-0: Ball
1-0: SINGLE (Line Drive, 7S, EV 93.8 MPH)
Batting: RHB Cesar Guerrero 0-0: Called Strike
0-1: Bunt missed!
0-2: Sac Bunt to 15 - play at first, batter OUT! 1-4
Mario Navarro to second
Batting: RHB Lu Tieh 0-0: Called Strike
0-1: Ball
1-1: Ball
2-1: DOUBLE (Flyball, 89XD, EV 97.5 MPH)
Mario Navarro scores
Batting: LHB D.J. White 0-0: Ball
Lu Tieh steals 3rd base
1-0: Swinging Strike
Passed Ball!
Lu Tieh scores
1-1: DOUBLE (Line Drive, 5D, EV 105.6 MPH)
Batting: SHB Matt Altieri 0-0: Called Strike
0-1: Ball
Passed Ball!
D.J. White to third
1-1: Called Strike
1-2: Hit by Pitch
Batting: RHB Kurt Wagner 0-0: Ball
1-0: Ball
2-0: Ball
Wild Pitch!
D.J. White scores
Matt Altieri to second
3-0: Base on Balls
Pitching: RHP Shigeo Sudo
Batting: LHB Tom Wleklinski 0-0: Ball
Passed Ball!
Matt Altieri to third
Kurt Wagner to second
1-0: Ball
2-0: Ball
Wild Pitch!
Matt Altieri scores
Kurt Wagner to third
3-0: Base on Balls
Batting: RHB Garrett Larsen 0-0: Ball
Passed Ball!
Kurt Wagner scores
Tom Wleklinski to second
1-0: Called Strike
1-1: Swinging Strike
1-2: Foul Ball, location: 2F
1-2: Ball
2-2: Fly out, F2 (Popup, 2RF, EV 84.4 MPH)
Top of the 2nd over - 5 runs, 3 hits, 0 errors, 1 left on base; Miami (APP) 7 - Johnson City 0
BOTTOM OF THE 2ND
Johnson City Cardinals batting - Pitching for Miami (APP) Marlins : RHP Cesar Guerrero
Batting: SHB Omar Guardado 0-0: Ball
1-0: Ball
2-0: Fly out, F8 (Flyball, 8RD, EV 99.4 MPH)
Batting: RHB Dave Brabo 0-0: Ball
1-0: Ball
2-0: SINGLE (Groundball, 34D, EV 99.4 MPH)
Batting: LHB Jalen Morton 0-0: Called Strike
0-1: Called Strike
0-2: Ball
1-2: Ball
2-2: Ball
3-2: Base on Balls
Dave Brabo to second
Batting: SHB Josh Young 0-0: Foul Ball, location: 2F
0-1: SINGLE (Groundball, 56D, EV 95.0 MPH)
Dave Brabo to third
Jalen Morton to second
Batting: RHB Shigeo Sudo 0-0: Called Strike
0-1: Foul Ball, location: 2F
0-2: Ball
1-2: Foul Ball, location: 2F
1-2: Ball
2-2: Ball
3-2: SINGLE (Groundball, 56D, EV 97.5 MPH)
Dave Brabo scores
Jalen Morton to third
Josh Young to second
Batting: LHB Jasper Schoonhoven 0-0: Ball
1-0: Foul Ball, location: 2F
1-1: Foul Ball, location: 2F
1-2: Ball
2-2: Foul Ball, location: 2F
2-2: Ball
3-2: Fielders Choice at 2nd, 6-4 (Groundball, 6M, EV 83.8 MPH)
Jalen Morton scores
Josh Young to third
Batting: RHB Steve DeWald 0-0: Ball
1-0: Swinging Strike
1-1: Ball
2-1: Called Strike
2-2: Ball
3-2: Fly out, F3 (Popup, 3SF, EV 75.0 MPH)
Bottom of the 2nd over - 2 runs, 3 hits, 0 errors, 2 left on base; Miami (APP) 7 - Johnson City 2
TOP OF THE 3RD
Miami (APP) Marlins batting - Pitching for Johnson City Cardinals : RHP Shigeo Sudo
Batting: RHB Nate Stephenson 0-0: Ball
1-0: Ground out 6-3 (Groundball, 6, EV 100.0 MPH)
Batting: RHB Mario Navarro 0-0: Foul Ball, location: 2F
0-1: Swinging Strike
0-2: Strikes out looking
Batting: RHB Cesar Guerrero 0-0: Ball
1-0: Ball
2-0: Ball
3-0: Called Strike
3-1: Ground out 6-3 (Groundball, 6, EV 78.1 MPH)
Top of the 3rd over - 0 runs, 0 hits, 0 errors, 0 left on base; Miami (APP) 7 - Johnson City 2
BOTTOM OF THE 3RD
Johnson City Cardinals batting - Pitching for Miami (APP) Marlins : RHP Cesar Guerrero
Batting: RHB Alex Rangel 0-0: Called Strike
0-1: DOUBLE (Flyball, 8RXD, EV 100.0 MPH)
Batting: LHB Jon Olesen 0-0: Ball
1-0: Foul Ball, location: 2F
1-1: SINGLE (Groundball, 34D, EV 95.6 MPH)
Alex Rangel to third
Batting: SHB Omar Guardado 0-0: Ball
1-0: Ball
2-0: Ball
3-0: Base on Balls
Jon Olesen to second
Batting: RHB Dave Brabo 0-0: Fielders Choice at 2nd, 5-4 (Groundball, 5, EV 89.4 MPH)
Alex Rangel scores
Jon Olesen to third
Batting: LHB Jalen Morton 0-0: Ball
1-0: Ball
2-0: Called Strike
2-1: Foul Ball, location: 2F
2-2: Ball
3-2: Strikes out looking
Dave Brabo steals 2nd base
Batter strikes out.
Batting: SHB Josh Young 0-0: Called Strike
0-1: Ball
1-1: Ball
2-1: Swinging Strike
2-2: Foul Ball, location: 2F
2-2: Ball
3-2: Strikes out swinging
Bottom of the 3rd over - 1 run, 2 hits, 0 errors, 2 left on base; Miami (APP) 7 - Johnson City 3
TOP OF THE 4TH
Miami (APP) Marlins batting - Pitching for Johnson City Cardinals : RHP Shigeo Sudo
Batting: RHB Lu Tieh 0-0: Ball
1-0: Foul Ball, location: 2F
1-1: Foul Ball, location: 2F
1-2: Strikes out looking
Batting: LHB D.J. White 0-0: Ground out 6-3 (Groundball, 6, EV 98.8 MPH)
Batting: SHB Matt Altieri 0-0: Ball
1-0: Ball
2-0: Swinging Strike
2-1: Ball
3-1: Base on Balls
Batting: RHB Kurt Wagner 0-0: Ball
1-0: Ball
2-0: Called Strike
2-1: Ball
3-1: Base on Balls
Matt Altieri to second
Batting: LHB Tom Wleklinski 0-0: Called Strike
0-1: Called Strike
0-2: Strikes out swinging
Top of the 4th over - 0 runs, 0 hits, 0 errors, 2 left on base; Miami (APP) 7 - Johnson City 3
BOTTOM OF THE 4TH
Johnson City Cardinals batting - Pitching for Miami (APP) Marlins : RHP Cesar Guerrero
Batting: RHB Shigeo Sudo 0-0: Ball
1-0: Swinging Strike
1-1: Foul Ball, location: 2F
1-2: Strikes out swinging
Batting: LHB Jasper Schoonhoven 0-0: Foul Ball, location: 2F
0-1: Called Strike
0-2: Ball
1-2: Ball
2-2: Foul Ball, location: 2F
2-2: Strikes out swinging
Batting: RHB Steve DeWald 0-0: Called Strike
0-1: Ball
1-1: Ball
2-1: Ball
3-1: Ground out 5-3 (Groundball, 56S, EV 89.4 MPH)
Bottom of the 4th over - 0 runs, 0 hits, 0 errors, 0 left on base; Miami (APP) 7 - Johnson City 3
TOP OF THE 5TH
Miami (APP) Marlins batting - Pitching for Johnson City Cardinals : RHP Shigeo Sudo
Batting: RHB Garrett Larsen 0-0: Called Strike
0-1: Swinging Strike
0-2: Ball
1-2: Strikes out swinging
Batting: RHB Nate Stephenson 0-0: Ball
1-0: Swinging Strike
1-1: Ball
2-1: Foul Ball, location: 2F
2-2: Ball
3-2: Fly out, F8 (Flyball, 8LD, EV 86.9 MPH)
Batting: RHB Mario Navarro 0-0: Fly out, F8 (Flyball, 8RM, EV 95.6 MPH)
Top of the 5th over - 0 runs, 0 hits, 0 errors, 0 left on base; Miami (APP) 7 - Johnson City 3
BOTTOM OF THE 5TH
Johnson City Cardinals batting - Pitching for Miami (APP) Marlins : RHP Cesar Guerrero
Batting: RHB Alex Rangel 0-0: Ball
1-0: Ball
2-0: Swinging Strike
2-1: Fly out, F8 (Line Drive, 8RD, EV 91.9 MPH)
Batting: LHB Jon Olesen 0-0: Ball
1-0: Swinging Strike
1-1: Swinging Strike
1-2: SINGLE (Groundball, 4D, EV 100.0 MPH)
Batting: SHB Omar Guardado 0-0: Called Strike
0-1: Foul Ball, location: 2F
0-2: Foul Ball, location: 2F
0-2: Strikes out swinging
Pitching: RHP Ted Payne
Batting: RHB Dave Brabo 0-0: Called Strike
0-1: Swinging Strike
0-2: Strikes out swinging
Bottom of the 5th over - 0 runs, 1 hit, 0 errors, 1 left on base; Miami (APP) 7 - Johnson City 3
TOP OF THE 6TH
Miami (APP) Marlins batting - Pitching for Johnson City Cardinals : RHP Shigeo Sudo
Batting: RHB Ted Payne 0-0: Ground out 1-3 (Groundball, P, EV 86.3 MPH)
Batting: RHB Lu Tieh 0-0: Foul Ball, location: 2F
0-1: Ball
1-1: Foul Ball, location: 2F
1-2: SINGLE (Line Drive, 56D, EV 93.8 MPH)
Pitching: RHP Dave Caballero
Batting: LHB D.J. White 0-0: Ball
1-0: Ball
Passed Ball!
Lu Tieh to second
2-0: Called Strike
2-1: SINGLE (Groundball, 3D, EV 100.6 MPH)
Lu Tieh to third
Runner from 3rd tries for Home, SAFE, throw by RF to home
D.J. White to second
Batting: SHB Matt Altieri 0-0: Ball
1-0: Called Strike
1-1: Swinging Strike
1-2: Strikes out swinging
Batting: RHB Kurt Wagner 0-0: Called Strike
0-1: Ball
1-1: Ball
2-1: Ball
3-1: Foul Ball, location: 2F
3-2: Foul Ball, location: 2F
3-2: Strikes out swinging
Top of the 6th over - 1 run, 2 hits, 0 errors, 1 left on base; Miami (APP) 8 - Johnson City 3
BOTTOM OF THE 6TH
Johnson City Cardinals batting - Pitching for Miami (APP) Marlins : RHP Ted Payne
Batting: LHB Jalen Morton 0-0: Called Strike
0-1: Called Strike
0-2: Strikes out looking
Batting: SHB Josh Young 0-0: Called Strike
0-1: Ground out U3 (Groundball, 34S, EV 63.8 MPH)
Pinch Hitting: SHB Ben van Halem 0-0: Fly out, F5 (Popup, 5SF, EV 78.1 MPH)
Bottom of the 6th over - 0 runs, 0 hits, 0 errors, 0 left on base; Miami (APP) 8 - Johnson City 3
TOP OF THE 7TH
Miami (APP) Marlins batting - Pitching for Johnson City Cardinals : RHP Dave Caballero
Pitching: RHP Tony Mejia
Batting: LHB Tom Wleklinski 0-0: Swinging Strike
0-1: Called Strike
0-2: Ball
1-2: Ball
2-2: Ball
3-2: Foul Ball, location: 2F
3-2: Strikes out swinging
Batting: RHB Garrett Larsen 0-0: Ball
1-0: Called Strike
1-1: Ball
2-1: Foul Ball, location: 2F
2-2: Strikes out looking
Batting: RHB Nate Stephenson 0-0: Foul Ball, location: 2F
0-1: Ground out 4-3 (Groundball, 34, EV 89.4 MPH)
Top of the 7th over - 0 runs, 0 hits, 0 errors, 0 left on base; Miami (APP) 8 - Johnson City 3
BOTTOM OF THE 7TH
Johnson City Cardinals batting - Pitching for Miami (APP) Marlins : RHP Ted Payne
Batting: LHB Jasper Schoonhoven 0-0: Called Strike
0-1: Swinging Strike
0-2: Ball
1-2: Foul Ball, location: 2F
1-2: Ball
2-2: Ground out 4-3 (Groundball, 4, EV 83.1 MPH)
Batting: RHB Steve DeWald 0-0: Called Strike
0-1: Swinging Strike
0-2: Ball
1-2: Fly out, F2 (Popup, 2LF, EV 88.1 MPH)
Pitching: RHP Ju-ao Wa
Batting: RHB Alex Rangel 0-0: Called Strike
0-1: Called Strike
0-2: Strikes out swinging
Bottom of the 7th over - 0 runs, 0 hits, 0 errors, 0 left on base; Miami (APP) 8 - Johnson City 3
TOP OF THE 8TH
Miami (APP) Marlins batting - Pitching for Johnson City Cardinals : RHP Tony Mejia
Batting: RHB Mario Navarro 0-0: Swinging Strike
0-1: Called Strike
0-2: Ball
1-2: Strikes out swinging
Batting: SHB Ju-ao Wa 0-0: SOLO HOME RUN (Flyball, 9D, EV 95.6 MPH), Distance : 382 ft
Batting: RHB Lu Tieh 0-0: Called Strike
0-1: Fly out, F9 (Line Drive, 9, EV 95.0 MPH)
Batting: LHB D.J. White 0-0: Ball
1-0: Ball
2-0: Ball
3-0: Called Strike
3-1: DOUBLE (Line Drive, 7LS, EV 91.9 MPH)
Batting: SHB Matt Altieri 0-0: Ground out 3-1 (Groundball, 3L, EV 105.0 MPH)
Top of the 8th over - 1 run, 2 hits, 0 errors, 1 left on base; Miami (APP) 9 - Johnson City 3
BOTTOM OF THE 8TH
Johnson City Cardinals batting - Pitching for Miami (APP) Marlins : RHP Ju-ao Wa
Batting: LHB Jon Olesen 0-0: Called Strike
0-1: Ball
1-1: Swinging Strike
1-2: Foul Ball, location: 2F
1-2: Ball
2-2: Foul Ball, location: 2F
2-2: Fly out, F9 (Flyball, 9D, EV 103.1 MPH)
Batting: SHB Omar Guardado 0-0: Foul Ball, location: 2F
0-1: DOUBLE (Line Drive, 9LS, EV 90.0 MPH)
Batting: RHB Dave Brabo 0-0: Called Strike
0-1: Ball
1-1: Swinging Strike
1-2: Ball
2-2: SINGLE (Groundball, 56D, EV 94.4 MPH)
Omar Guardado to third
Batting: LHB Jalen Morton 0-0: Called Strike
0-1: SINGLE (Groundball, 4MD, EV 105.0 MPH)
Omar Guardado scores
Dave Brabo to second
Pitching: RHP Chia-kang Chuko
Batting: SHB Josh Young 0-0: Foul Ball, location: 2F
0-1: Fly out, F5 (Line Drive, 5, EV 65.6 MPH)
Batting: RHB Tony Mejia 0-0: Ball
1-0: Called Strike
1-1: Fly out, F7 (Flyball, 7S, EV 86.9 MPH)
Bottom of the 8th over - 1 run, 3 hits, 0 errors, 2 left on base; Miami (APP) 9 - Johnson City 4
TOP OF THE 9TH
Miami (APP) Marlins batting - Pitching for Johnson City Cardinals : RHP Tony Mejia
Batting: RHB Kurt Wagner 0-0: Swinging Strike
0-1: Swinging Strike
0-2: Strikes out swinging
Batting: LHB Tom Wleklinski 0-0: Called Strike
0-1: Ball
1-1: Foul Ball, location: 2F
1-2: Strikes out swinging
Batting: RHB Garrett Larsen 0-0: Ground out 3-1 (Groundball, 34, EV 83.8 MPH)
Top of the 9th over - 0 runs, 0 hits, 0 errors, 0 left on base; Miami (APP) 9 - Johnson City 4
BOTTOM OF THE 9TH
Johnson City Cardinals batting - Pitching for Miami (APP) Marlins : RHP Chia-kang Chuko
Batting: LHB Jasper Schoonhoven 0-0: Ball
1-0: Ball
2-0: Ball
3-0: Base on Balls
Batting: RHB Steve DeWald 0-0: Called Strike
0-1: Hit by Pitch
Jasper Schoonhoven to second
Batting: RHB Alex Rangel 0-0: Ball
1-0: SINGLE (Line Drive, 78S, EV 97.5 MPH)
Jasper Schoonhoven to third
Steve DeWald to second
Batting: LHB Jon Olesen 0-0: Fielders Choice at 2nd, 3-6 (Groundball, 34, EV 88.8 MPH)
Jasper Schoonhoven scores
Steve DeWald to third
Batting: SHB Omar Guardado 0-0: Called Strike
0-1: Ball
1-1: DOUBLE (Line Drive, 7LM, EV 93.8 MPH)
Steve DeWald scores
Jon Olesen to third
Batting: RHB Dave Brabo 0-0: Called Strike
0-1: Ball
1-1: Ball
2-1: Ball
3-1: Base on Balls
Pitching: RHP Tim Mills
Batting: LHB Jalen Morton 0-0: Called Strike
0-1: Ball
1-1: Fly out, F9 (Flyball, 9LMF, EV 78.1 MPH)
Pinch Hitting: RHB Shoma Higashi 0-0: Ground out 1-3 (Groundball, 13, EV 67.5 MPH)
Bottom of the 9th over - 2 runs, 2 hits, 0 errors, 3 left on base; Miami (APP) 9 - Johnson City 6
Tuesday, September 13th , 2022 - OOTP Baseball 23.7 Build 88